 Dungeon Sprint DCSS version 0.23-a0-584-g44dd78f40d (webtiles) character file.

8507 DCO the Carver (level 11, -8/117 HPs)
             Began as a Deep Dwarf Monk on Dec 17, 2018.
             Was the Champion of Makhleb.
             Mangled by an orc knight
             ... wielding a +1 war axe
              (12 damage)
             ... in the Dungeon (Sprint IX: "|||||||||||||||||||||||||||||").
             The game lasted 00:02:50 (801 turns).

DCO the Carver (Deep Dwarf Monk)                     Turns: 801, Time: 00:02:50

Health: -8/117     AC: 15    Str: 22      XL:     11   Next: 10%
Magic:  17/17      EV: 16    Int:  8 (10) God:    Makhleb [******]
Gold:   672        SH:  0    Dex: 17 (18) Spells: 10/10 levels left

rFire    + . .     SeeInvis .   m - +2 scimitar of the Morning {holy, Str+3}
rCold    . . .     Gourm    .   (no shield)
rNeg     . . .     Faith    .   o - +1 chain mail
rPois    .         Spirit   .   (helmet restricted)
rElec    .         Reflect  .   v - +0 cloak
rCorr    .         Harm     .   (no gloves)
MR       +....     NoTele   +   (no boots)
Stlth    ..........             (no amulet)
HPRegen  0.00/turn              q - +2 ring of protection
MPRegen  0.15/turn              p - +3 ring of strength

@: non-regenerating
A: damage resistance, heal wounds, horns 1, deterioration 1, fire resistance 1,
sense surroundings 2, wild magic 1, no regeneration
a: Heal Wounds, Minor Destruction, Lesser Servant of Makhleb, Major Destruction,
Greater Servant of Makhleb, Renounce Religion


You were in the Dungeon.
You worshipped Makhleb.
Makhleb was exalted by your worship.
You were not hungry.

You visited 1 branch You collected 672 gold pieces.

Inventory:

Hand Weapons
 m - the +2 scimitar of the Morning (weapon) {holy, Str+3}
   (You found it in the Dungeon)

   It has been blessed by the Shining One to cause great damage to the undead
   and demons.
   It affects your strength (+3).
Armour
 n - a +0 helmet
 o - a +1 chain mail (worn)
 v - a +0 cloak (worn)
Jewellery
 p - a +3 ring of strength (right hand)
 q - a +2 ring of protection (left hand)
Wands
 l - a wand of acid (2)
Scrolls
 i - 2 scrolls of blinking
 j - 4 scrolls of remove curse
 k - 2 scrolls of amnesia
 s - 2 scrolls of fear
 t - 2 scrolls of identify
Potions
 a - a potion of mutation
 b - a potion of might
 d - 5 potions of curing
 e - 5 potions of heal wounds
 f - 2 potions of haste
 g - 4 potions of magic
 h - a potion of invisibility
 r - a potion of brilliance
Comestibles
 c - 12 rations


   Skills:
 * Level 13.6 Fighting
 + Level 14.7 Long Blades
 + Level 9.6 Armour
 * Level 12.5 Dodging
 - Level 2.4 Stealth
 * Level 13.0 Evocations


You had 10 spell levels left.
You didn't know any spells.
Your spell library was empty.

Dungeon Overview and Level Annotations

Branches:
Dungeon (1/1)

Altars:
Cheibriados
Dithmenos
Elyvilon
Fedhas
Gozag
Hepliaklqana
Kikubaaqudgha
Makhleb
Nemelex Xobeh
Okawaru
Qazlal
Ru
Sif Muna
Trog
Uskayaw
Vehumet
Wu Jian
Xom
Yredelemnul
Zin
The Shining One
Beogh
Jiyva
Lugonu


Innate Abilities, Weirdness & Mutations

You are resistant to damage.
You can heal yourself by infusing magical energy.
You passively map the area around you.
You do not regenerate.
You have a pair of small horns on your head.
Your body sometimes deteriorates upon taking damage.
Your flesh is heat resistant. (rF+)
Your spells are a little harder to cast, but a little more powerful.


Message History

You feel much better. The orc warrior misses you.
You slash the orc knight! You headbutt the orc knight.
The orc knight is moderately wounded.
The orc knight hits you with a +1 war axe!
Your body deteriorates!
You feel dopey.
You hit the orc knight but do no damage.
Your headbutt misses the orc knight.
The orc knight is moderately wounded.
The orc warrior closely misses you.
You slash the orc knight!
The orc knight is heavily wounded.
The orc knight hits you with a +1 war axe!!
* * * LOW HITPOINT WARNING * * *
Your body deteriorates!
You feel dopey.
The orc warrior hits you from afar with a +0 halberd!
* * * LOW HITPOINT WARNING * * *
You fail to use your ability.
The orc knight no longer looks unusually strong.
The orc knight hits you with a +1 war axe!
You die...

* * *
,▓.▓†▓.▓'▓ ,*
, ,* * *
▓+▓.▓.▓.▓_▓ *
, ▓.▓.▓.▓.▓_▓
*
,▓.▓.▓.▓.▓_▓
, *
▓.▓.▓.▓.▓_▓ ,
+ , , ,
,▓.▓.▓.▓.▓_▓
, +
▓o▓.▓.▓.▓_▓
,* ,
,▓o▓.▓.▓.▓_▓
, ,
▓@▓.▓÷▓.▓_▓ *
* , ,
▓)▓.▓†▓.▓_▓ *
, ,
,▓)▓.▓†▓.▓_▓
, *
▓)▓.▓.▓.▓_▓
,* ,*,
,▓)▓.▓.▓.▓_▓
,*, , *
▓)▓.▓.▓.▓_▓ *
▓)▓.▓.▓.▓_▓ *
*,▓.▓.▓.▓.▓_▓
,* ,*
,▓.▓.▓.▓.▓_▓


You could see an orc knight and an orc warrior.

Vanquished Creatures
  An ettin (D)
  2 hydras (D)
  A deep elf mage (D)
  An orc knight (D)
  An ugly thing (D)
  A black mamba (D)
  A spiny frog (D)
  5 polar bears (D)
  A vampire (D)
  A wraith (D)
  3 yaks (D)
  2 water moccasins (D)
  9 orc warriors (D)
  2 porcupines (D)
  3 black bears (D)
  An ogre (D)
  An eye of draining (D)
  A centaur (D)
  2 crocodiles (D)
  6 bullfrogs (D)
  3 orc priests (D)
  6 orc wizards (D)
  3 worker ants (D)
  An iguana (D)
  An adder (D)
  A leopard gecko (D)
  4 orcs (D)
  A bat (D)
  A bat zombie (D)
  2 goblins (D)
  A hobgoblin (D)
  A ball python (D)
  A frilled lizard (D)
71 creatures vanquished.

Notes
Turn   | Place    | Note
-------+----------+-------------------------------------------
     0 | D        | DCO the Deep Dwarf Monk began the quest for the Orb.
     0 | D        | Reached XP level 1. HP: 20/20 MP: 1/1
     8 | D        | Reached skill level 4 in Long Blades
    23 | D        | Noticed an iguana
    32 | D        | Killed an iguana
    32 | D        | Reached skill level 6 in Long Blades
    32 | D        | Reached XP level 2. HP: 8/27 MP: 2/2
    32 | D        | Reached XP level 3. HP: 9/33 MP: 3/3
    33 | D        | Reached skill level 7 in Long Blades
    42 | D        | Found a roughly hewn altar of Beogh.
    42 | D        | Found a snail-covered altar of Cheibriados.
    42 | D        | Found a shadowy altar of Dithmenos.
    42 | D        | Found a white marble altar of Elyvilon.
    42 | D        | Found a blossoming altar of Fedhas.
    42 | D        | Found an opulent altar of Gozag.
    43 | D        | Found a hazy altar of Hepliaklqana.
    44 | D        | Found a viscous altar of Jiyva.
    45 | D        | Found an ancient bone altar of Kikubaaqudgha.
    46 | D        | Found a corrupted altar of Lugonu.
    47 | D        | Found a burning altar of Makhleb.
    48 | D        | Found a sparkling altar of Nemelex Xobeh.
    49 | D        | Found an iron altar of Okawaru.
    50 | D        | Found a stormy altar of Qazlal.
    51 | D        | Found a sacrificial altar of Ru.
    52 | D        | Found a deep blue altar of Sif Muna.
    53 | D        | Found a bloodstained altar of Trog.
    54 | D        | Found a hide-covered altar of Uskayaw.
    55 | D        | Became a worshipper of Makhleb the Destroyer
    55 | D        | Reached * piety under Makhleb
    55 | D        | Reached ** piety under Makhleb
    56 | D        | Found a radiant altar of Vehumet.
    57 | D        | Found an ornate altar of the Wu Jian Council.
    58 | D        | Found a shimmering altar of Xom.
    59 | D        | Found a basalt altar of Yredelemnul.
    60 | D        | Found a glowing silver altar of Zin.
    61 | D        | Found a glowing golden altar of the Shining One.
    78 | D        | Got the +2 scimitar of the Morning {holy, Str+3}
   110 | D        | Noticed a centaur
   110 | D        | Noticed a wraith
   110 | D        | Noticed a vampire
   110 | D        | Noticed an ogre
   110 | D        | Noticed a bullfrog
   112 | D        | Killed a bullfrog
   112 | D        | Reached skill level 8 in Long Blades
   112 | D        | Reached XP level 4. HP: 23/44 MP: 2/4
   113 | D        | Killed an ogre
   113 | D        | Reached skill level 5 in Fighting
   113 | D        | Reached XP level 5. HP: 33/52 MP: 2/7
   131 | D        | HP: 2/54 [something/vampiric draining (4)]
   135 | D        | Killed a vampire
   135 | D        | Reached *** piety under Makhleb
   135 | D        | Reached skill level 9 in Long Blades
   135 | D        | Reached skill level 1 in Armour
   135 | D        | Reached skill level 5 in Evocations
   135 | D        | Reached XP level 6. HP: 24/63 MP: 4/9
   139 | D        | Killed a wraith
   143 | D        | Reached XP level 7. HP: 35/73 MP: 5/11
   151 | D        | Noticed a brown ugly thing
   151 | D        | Noticed a deep elf mage
   161 | D        | Noticed a fire elemental
   163 | D        | Killed a deep elf mage
   163 | D        | Reached skill level 10 in Long Blades
   163 | D        | Reached XP level 8. HP: 38/85 MP: 2/13
   180 | D        | Reached **** piety under Makhleb
   186 | D        | Killed a brown ugly thing
   186 | D        | Reached skill level 11 in Long Blades
   383 | D        | Gained mutation: Your flesh is heat resistant. (rF+)
                  | [potion of mutation]
   383 | D        | Gained mutation: Your spells are a little harder to cast,
                  | but a little more powerful. [potion of mutation]
   383 | D        | Gained mutation: Your body sometimes deteriorates upon
                  | taking damage. [potion of mutation]
   383 | D        | Gained mutation: You have a pair of small horns on your
                  | head. [potion of mutation]
   396 | D        | Noticed a black mamba
   396 | D        | Noticed a spiny frog
   401 | D        | Killed a spiny frog
   401 | D        | Reached skill level 10 in Fighting
   401 | D        | Reached skill level 5 in Armour
   401 | D        | Reached skill level 10 in Dodging
   403 | D        | Reached ***** piety under Makhleb
   403 | D        | Reached skill level 12 in Long Blades
   403 | D        | Gained mutation: You passively map the area around you.
                  | [Deep Dwarf growth]
   403 | D        | Reached XP level 9. HP: 32/94 MP: 12/14
   414 | D        | Killed a black mamba
   414 | D        | Reached skill level 10 in Evocations
   444 | D        | Noticed a seven-headed hydra
   447 | D        | Noticed a six-headed hydra
   453 | D        | Reached ****** piety under Makhleb
   454 | D        | Killed a seven-headed hydra
   454 | D        | Reached skill level 13 in Long Blades
   454 | D        | Reached XP level 10. HP: 74/106 MP: 16/16
   458 | D        | Killed a six-headed hydra
   503 | D        | Reached skill level 14 in Long Blades
   651 | D        | Noticed an ettin
   671 | D        | Killed an ettin
   745 | D        | Noticed an orc knight
   758 | D        | Reached XP level 11. HP: 36/117 MP: 18/18
   769 | D        | Noticed an orc knight
   786 | D        | Killed an orc knight
   800 | D        | HP: 4/117 [orc warrior/+0 halberd (7)]
   801 | D        | Mangled by an orc knight

Vault maps used:
D:        linesprint

Skill      XL: |  1  2  3  4  5  6  7  8  9 10 11 |
---------------+----------------------------------+-----
Long Blades    | 6 8 9 10 12 13 14 | 14.7
Fighting       | 4 5 6 7 9 10 11 13 | 13.6
Dodging        | 4 6 7 8 9 10 11 12 | 12.5
Evocations     | 2 4 5 6 8 9 11 12 13 | 13.0
Armour         | 1 2 3 5 7 9 |  9.6
Stealth        | |  2.4

Action                   |  1- 3 |  4- 6 |  7- 9 | 10-12 || total
-------------------------+-------+-------+-------+-------++-------
Melee: Falchion          |    24 |       |       |       ||    24
       Scimitar          |     1 |    20 |    84 |   162 ||   267
       Headbutt          |       |       |    19 |    49 ||    68
 Abil: Heal Wounds       |     1 |     2 |     2 |     2 ||     7
Evoke: Wand              |       |     1 |     3 |     4 ||     8
  Use: Potion            |     1 |       |     1 |       ||     2
 Stab: Sleeping          |     1 |       |       |       ||     1
Armor: Robe              |     2 |       |       |       ||     2
       Chain mail        |     1 |    17 |    23 |    40 ||    81
Dodge: Dodged            |    16 |     5 |    39 |    91 ||   151
       Rpst.: Falchion   |     7 |       |       |       ||     7
       Scimitar          |       |     1 |    17 |    13 ||    31

Table legend:
 A = Non-vault XP
 B = Vault XP
 C = Vault XP percentage of total XP
 D = Non-vault monster count
 E = Vault monster count
 F = Vault count percentage of total count
                 A         B        C        D         E       F
            +---------+---------+-------+---------+---------+-------
      Total |       0 |   12154 | 100.0 |       0 |      71 | 100.0
            +---------+---------+-------+---------+---------+-------
          D |       0 |   12154 | 100.0 |       0 |      71 | 100.0
            +---------+---------+-------+---------+---------+-------
